 Dungeon Crawl Stone Soup version 0.29.1-15-g9cfb28693d (webtiles) character file.

Game seed: 114288021125574925

265 Eitelfritz the Chopper (level 6, -2/53 HPs)
             Began as a Hill Orc Fighter on Mar 19, 2023.
             Slain by a gnoll
             ... wielding a +0 spear
              (6 damage)
             ... on level 2 of the Dungeon.
             The game lasted 00:03:25 (2013 turns).

Eitelfritz the Chopper (Hill Orc Fighter)           Turns: 2013, Time: 00:03:25

Health: -2/53      AC:  9    Str: 21    XL:     6   Next: 20%
Magic:  6/6        EV:  7    Int:  8    God:
Gold:   140        SH:  4    Dex: 10    Spells: 5/5 levels left

rFire   . . .      SeeInvis .   a - +0 war axe
rCold   . . .      Faith    .   c - +0 buckler
rNeg    . . .      Spirit   .   h - +0 chain mail
rPois   .          Reflect  .   (no helmet)
rElec   .          Harm     .   (no cloak)
rCorr   .          Rampage  .   (no gloves)
Will    .....                   (no boots)
Stlth   ..........              (no amulet)
HPRegen 0.17/turn               (no ring)
MPRegen 0.10/turn               (no ring)

@: no status effects
A: no striking features
a: no special abilities


You were on level 2 of the Dungeon.
You visited 1 branch of the dungeon, and saw 3 of its levels.

You collected 140 gold pieces.

Inventory:

Hand Weapons
 a - a +0 war axe (weapon)
 p - the +5 flail "Zemuod" {flame, rC+ Dex+2}
   (You found it on level 3 of the Dungeon)

   It burns those it strikes, dealing additional fire damage.
   Dex:       It affects your dexterity (+2).
   rC:        It protects you from cold.
Armour
 c - a +0 buckler (worn)
 h - a +0 chain mail (worn)
Jewellery
 e - a +4 ring of protection
 k - a ring of wizardry
Wands
 s - a wand of flame (25)
Scrolls
 b - 3 scrolls of enchant armour {unknown}
 f - a scroll of fear {unknown}
 g - 2 scrolls of magic mapping {unknown}
 l - 2 scrolls of identify {unknown}
 m - a scroll of silence {unknown}
 o - 2 scrolls of summoning {unknown}
 q - a scroll of vulnerability {unknown}
 r - a scroll of blinking {unknown}
Potions
 d - 2 potions of might
 i - a potion of ambrosia {unknown}
 j - 4 potions of heal wounds {unknown}
 n - a potion of attraction {unknown}


   Skills:
 + Level 4.6 Fighting
 + Level 5.3(5.7) Axes
 + Level 2.3(3.7) Maces & Flails
 + Level 4.1 Armour
 + Level 0.5 Dodging
 + Level 4.0 Shields


You had 5 spell levels left.
You didn't know any spells.
Your spell library was empty.

Dungeon Overview and Level Annotations

Branches:
Dungeon (3/15)

Altars:
Gozag

Shops:
D:1 ?


Message History

You block the gnoll's attack.
You hit the gnoll.
The gnoll is lightly wounded.
You barely miss the gnoll. You block the gnoll's attack.
The gnoll hits you but does no damage. x2
Unknown command.
You hit the gnoll but do no damage.
The gnoll is lightly wounded.
You hit the gnoll. The gnoll hits you with a +0 spear.
The gnoll hits you but does no damage. The gnoll barely misses you.
You closely miss the gnoll.
The gnoll is lightly wounded.
You completely miss the gnoll. The gnoll hits you with a +0 spear.
The gnoll hits you but does no damage. x2
The gnoll hits you from afar with a +0 spear.
The gnoll hits you with a +0 spear. x2
You barely miss the gnoll.
The gnoll is lightly wounded.
You hit the gnoll but do no damage. The gnoll hits you with a +0 spear. x2
The gnoll hits you from afar with a +0 spear.
You hit the gnoll but do no damage.
The gnoll is lightly wounded.
You hit the gnoll but do no damage. The gnoll closely misses you.
The gnoll hits you but does no damage. The gnoll barely misses you.
You barely miss the gnoll.
The gnoll is lightly wounded.
You slash the gnoll!
The gnoll hits you but does no damage. x2
The gnoll barely misses you.
Unknown command.
You barely miss the gnoll.
The gnoll is almost dead.
You barely miss the gnoll. You block the gnoll's attack. x2
The gnoll barely misses you.
The gnoll hits you from afar with a +0 spear.
* * * LOW HITPOINT WARNING * * *
You block the gnoll's attack. The gnoll hits you with a +0 spear!
* * * LOW HITPOINT WARNING * * *
The gnoll attacks as you move away! The gnoll completely misses you.
The gnoll hits you from afar with a +0 spear.
You die...

#.# ... ... #.# #.# #
#.#.###.##....#....#
#.#.#.........#....### #
#.#.#.#.##....#.......
#.#.#.#@##g...#......
#........gg........# #
#.#.#.#g#####.#....###.#
###.###.......................
.........................###.#
##.......#...####..#†........
#####.#.#...# #..#.#.......
#########.#.#...####..#.#..###.#
#...............................


You could see 3 gnolls.

Vanquished Creatures
  Sigmund (D:2)
  Terence (D:2)
  2 adders
  2 dart slugs (D:1)
  6 ball pythons
  5 bats
  5 endoplasms
  5 giant cockroaches
  5 goblins
  5 hobgoblins
  2 jackals (D:2)
  2 quokkas
  4 frilled lizards
  5 kobolds
  7 rats
57 creatures vanquished.

Vanquished Creatures (others)
  6 plants (D:1)
  8 withered plants (D:1)
14 creatures vanquished.

Grand Total: 71 creatures vanquished

Notes
Turn   | Place    | Note
-------+----------+-------------------------------------------
     0 | D:1      | Eitelfritz the Hill Orc Fighter began the quest for the
                  | Orb.
     0 | D:1      | Reached XP level 1. HP: 19/19 MP: 1/1
    54 | D:1      | Reached XP level 2. HP: 20/27 MP: 2/2
    77 | D:1      | Reached skill level 3 in Axes
   480 | D:1      | Reached XP level 3. HP: 21/33 MP: 3/3
   633 | D:1      | Found Teipreth's Magic Scroll Boutique.
   677 | D:1      | Found a faded altar of an unknown god.
   835 | D:2      | Noticed Terence
   840 | D:2      | Noticed Sigmund
   843 | D:2      | Killed Terence
   844 | D:2      | Reached skill level 4 in Axes
   844 | D:2      | Reached XP level 4. HP: 32/40 MP: 4/4
  1039 | D:3      | Identified the +5 flail "Zemuod" {flame, rC+ Dex+2}
  1052 | D:3      | Found an opulent altar of Gozag.
  1501 | D:2      | Killed Sigmund
  1502 | D:2      | Reached skill level 5 in Axes
  1502 | D:2      | Reached XP level 5. HP: 10/47 MP: 5/5
  1502 | D:2      | Reached XP level 6. HP: 11/53 MP: 6/6
  2013 | D:2      | Slain by a gnoll

Illustrated notes

Levels and vault maps discovered:
D:1:      dpeg_arrival_shelter, layout_rooms, serial_shops,
          nicolae_shop_behind_doors, shapermc_ecumenical_altar_flowoftime
D:2:      layout_basic, kennysheep_generic_room_15, uniq_sigmund, uniq_terence
D:3:      layout_basic, grunt_gozag_statues, moated_statue

Skill      XL: |  1  2  3  4 |
---------------+-------------+-----
Fighting       | 4 |  4.6
Axes           | 3 4 5 |  5.3
Maces & Flails | 2 |  2.3
Armour         | 4 |  4.1
Shields        | 4 |  4.0
Dodging        | |  0.5

Action                   |  1- 3 |  4- 6 || total
-------------------------+-------+-------++-------
Melee: War axe           |    77 |    38 ||   115
       Flail             |       |    33 ||    33
Armor: Scale mail        |    13 |       ||    13
       Chain mail        |    39 |    73 ||   112
Dodge: Dodged            |    32 |    36 ||    68
Block: Buckler           |    16 |    33 ||    49
